 Dungeon Crawl Stone Soup version 0.20-a0-1015-g2ec8a95 (console) character file.

20516 vuev the Severer (level 12, -11/108 HPs)
             Began as a Minotaur Berserker on Apr 15, 2017.
             Was a High Priest of Trog.
             Hit by a javelin of returning thrown by Urug (14 damage)
             ... on level 4 of the Lair of Beasts.
             The game lasted 00:20:14 (12287 turns).

vuev the Severer (Minotaur Berserker)              Turns: 12287, Time: 00:20:17

Health: -11/108    AC: 18    Str: 23    XL:     12   Next: 46%
Magic:  11/11      EV:  9    Int:  4    God:    Trog [*****.]
Gold:   602        SH:  0    Dex: 14    Spells: 11/11 levels left

rFire    + + .     SeeInvis .   K - +1 broad axe (flame)
rCold    + . .     Gourm    +   (no shield)
rNeg     . . .     Faith    .   F - +1 plate armour {rF+}
rPois    .         Spirit   .   (helmet restricted)
rElec    .         Reflect  .   E - scarf {rC+}
rCorr    .         Harm     .   B - +0 pair of gloves
MR       ++...                  w - +0 pair of boots
Stlth    ..........             m - amulet of the gourmand
Regen    1.3/turn               x - ring of protection from fire
MPRegen  0.2/turn               b - ring of stealth

@: confused, exhausted, regenerating
A: retaliatory headbutt, horns 2
a: Berserk, Trog's Hand, Brothers in Arms, Burn Spellbooks, Renounce Religion


You were on level 4 of the Lair of Beasts.
You worshipped Trog.
Trog was extremely pleased with you.
You were not hungry.

You visited 2 branches of the dungeon, and saw 12 of its levels.
You also visited: Volcano.

You collected 602 gold pieces.

Inventory:

Hand Weapons
 a - a +0 war axe
 K - a +1 broad axe of flaming (weapon)
Missiles
 i - 452 stones (quivered)
Armour
 h - a +1 plate armour
 w - a +0 pair of boots (worn)
 B - a +0 pair of gloves (worn)
 E - a scarf of cold resistance (worn)
 F - a +1 plate armour of fire resistance (worn)
Jewellery
 b - a ring of stealth (right hand)
 l - an uncursed ring of flight
 m - an amulet of the gourmand (around neck)
 x - a ring of protection from fire (left hand)
Wands
 y - a wand of confusion (26/48)
 C - a wand of lightning (3/15)
 D - a wand of lightning (6/15)
 M - a wand of digging (24/24)
Scrolls
 e - 2 scrolls of identify
 o - a scroll of blinking {unknown}
 r - 4 scrolls of recharging
 v - 3 scrolls of enchant armour
 z - 3 scrolls of remove curse
Potions
 d - 2 potions of berserk rage
 f - a potion of flight {unknown}
 g - a potion of agility
 j - 4 potions of curing
 n - 2 potions of haste
 s - 2 potions of ambrosia
 t - a potion of lignification {unknown}
 H - 3 potions of resistance {unknown}
 J - a potion of mutation {unknown}
Comestibles
 c - 5 bread rations
 k - 6 royal jellies


   Skills:
 + Level 10.9 Fighting
 * Level 18.4 Axes
 + Level 10.9 Armour
 + Level 3.7 Dodging


You had 11 spell levels left.
You didn't know any spells.

Dungeon Overview and Level Annotations

Branches:
Dungeon (8/15)             Temple (0/1) D:7            Lair (4/6) D:8
 Spider (0/4) Lair:3
  Swamp: Lair:2-4    Shoals: Lair:2-4

Altars:
Cheibriados
Dithmenos
Gozag
Hepliaklqana
Trog
Xom
Yredelemnul
The Shining One

Annotations:
Lair:4 Urug


Innate Abilities, Weirdness & Mutations

You reflexively headbutt those who attack you in melee.
You have a pair of horns on your head.


Message History

Urug throws a javelin of returning.
The javelin of returning hits you but does no damage.
The weapon returns to Urug!
Your ogre misses Urug.
Urug throws a javelin of returning.
The javelin of returning barely misses you.
The weapon returns to Urug!
Your ogre hits Urug with a giant club!!!
Urug throws a javelin of returning.
The javelin of returning closely misses you.
The weapon returns to Urug!
Your ogre closely misses Urug.
Urug throws a javelin of returning.
The javelin of returning completely misses you.
The weapon returns to Urug!
You are confused.
You feel invigorated.
Urug throws a javelin of returning.
The javelin of returning hits you!!
* * * LOW HITPOINT WARNING * * *
The weapon returns to Urug!
Your ogre hits Urug with a giant club!!
Urug throws a javelin of returning.
The javelin of returning hits you!
You die...

##.....#####. ##
#P.......... #
##.###........P#
#.#...#..........#
................###
..................#
..........†.....#.##
.....................
.....<.@...O.....###.
..........o...####
...........####
...........#
...........#
...........#
..##..##...# .P ###
#P...


You could see Urug and a friendly ogre (berserk).

Vanquished Creatures
  A red draconian (Volcano)
  4 hydras
  A catoblepas (Lair:3)
  A two-headed ogre (D:7)
  A salamander mystic (Volcano)
  4 salamanders (Volcano)
  2 black mambas
  4 spiny frogs
  2 rime drakes (Lair:4)
  5 komodo dragons
  2 meliai (Lair:4)
  9 blink frogs
  2 hippogriffs
  2 wyverns
  3 fire bats (Lair:2)
  4 basilisks
  2 yaks
  2 steam dragons
  9 water moccasins
  7 porcupines
  A black bear (D:7)
  2 ice beasts (D:8)
  2 sky beasts
  An orc warrior (D:6)
  2 ogres
  2 centaurs
  2 wolves
  5 crocodiles
  9 bullfrogs
  24 killer bees (Lair:4)
  2 howler monkeys
  2 electric eels (D:8)
  2 crimson imps (D:6)
  A jelly (D:7)
  2 quasits (D:8)
  7 orc priests
  2 centaur skeletons
  3 hounds
  2 bullfrog skeletons
  Terence (D:3)
  3 iguanas
  3 orc wizards
  A worker ant (D:8)
  A centaur simulacrum (D:8)
  2 hound skeletons
  A howler monkey zombie (D:8)
  A gnoll (D:1)
  8 adders
  A hound simulacrum (D:8)
  A river rat (Lair:2)
  2 shadow imps
  2 white imps (D:8)
  2 ufetubi (D:8)
  3 oozes (D:1)
  An adder zombie (D:8)
  An adder skeleton (D:6)
  4 worms
  3 dart slugs
  3 leopard geckos
  16 orcs
  2 ball pythons
  8 bats
  14 giant cockroaches
  11 hobgoblins
  A jackal (D:1)
  7 kobolds
  4 quokkas
  A ball python skeleton (D:5)
  4 frilled lizards
  6 goblins
  2 leopard gecko skeletons
  A quokka skeleton (D:6)
  8 rats
  A fungus (Lair:3)
270 creatures vanquished.

Vanquished Creatures (collateral kills)
  A water moccasin (Lair:4)
1 creature vanquished.

Vanquished Creatures (others)
  A killer bee (Lair:4)
  A jackal simulacrum (D:8)
  A fungus (Lair:1)
3 creatures vanquished.

Grand Total: 274 creatures vanquished

Notes
Turn   | Place    | Note
-------+----------+-------------------------------------------
     0 | D:1      | vuev the Minotaur Berserker began the quest for the Orb.
     0 | D:1      | Reached XP level 1. HP: 19/19 MP: 0/0
     1 | D:1      | Found a runed door.
    16 | D:1      | Reached skill level 4 in Axes
    17 | D:1      | Reached XP level 2. HP: 27/27 MP: 1/1
    87 | D:1      | Reached XP level 3. HP: 33/33 MP: 2/2
   307 | D:1      | Reached ** piety under Trog
   356 | D:1      | Reached skill level 5 in Axes
   851 | D:2      | Found a shimmering altar of Xom.
   851 | D:2      | Found a glowing golden altar of the Shining One.
  1174 | D:2      | Reached XP level 4. HP: 35/40 MP: 3/3
  1705 | D:3      | Found an opulent altar of Gozag.
  1956 | D:3      | Noticed Terence
  1962 | D:3      | Killed Terence
  1962 | D:3      | Reached skill level 6 in Axes
  1962 | D:3      | Reached XP level 5. HP: 47/47 MP: 4/4
  2152 | D:3      | Reached *** piety under Trog
  2410 | D:4      | Reached skill level 7 in Axes
  2410 | D:4      | Reached XP level 6. HP: 48/55 MP: 5/5
  2612 | D:4      | Reached skill level 5 in Fighting
  2832 | D:4      | Reached skill level 8 in Axes
  2886 | D:4      | Reached XP level 7. HP: 61/61 MP: 6/6
  3311 | D:5      | Entered Level 5 of the Dungeon
  3576 | D:5      | Reached skill level 9 in Axes
  4227 | D:6      | Found a snail-covered altar of Cheibriados.
  4437 | D:6      | Reached XP level 8. HP: 69/70 MP: 7/7
  4534 | D:6      | Reached skill level 10 in Axes
  4622 | D:6      | Found a hazy altar of Hepliaklqana.
  4643 | D:6      | Reached **** piety under Trog
  5077 | D:7      | Reached skill level 11 in Axes
  5090 | D:7      | Noticed a two-headed ogre
  5095 | D:7      | Killed a two-headed ogre
  5095 | D:7      | Reached skill level 12 in Axes
  5095 | D:7      | Reached skill level 5 in Armour
  5095 | D:7      | Reached XP level 9. HP: 78/78 MP: 8/8
  5223 | D:7      | Found a staircase to the Ecumenical Temple.
  5519 | D:7      | Found a basalt altar of Yredelemnul.
  5519 | D:7      | Found a shadowy altar of Dithmenos.
  5558 | D:8      | Reached skill level 13 in Axes
  5684 | D:8      | Found a bloodstained altar of Trog.
  5775 | D:8      | Found a staircase to the Lair.
  6667 | D:8      | Reached ***** piety under Trog
  6872 | D:8      | Reached skill level 14 in Axes
  7010 | Lair:1   | Entered Level 1 of the Lair of Beasts
  7042 | Lair:1   | Reached XP level 10. HP: 82/86 MP: 9/9
  7319 | Lair:1   | Noticed a spiny frog
  7337 | Lair:1   | Killed a spiny frog
  7582 | Lair:1   | Reached skill level 15 in Axes
  7754 | Lair:1   | Noticed a black mamba
  7762 | Lair:1   | Killed a black mamba
  7950 | Lair:1   | Noticed a spiny frog
  7958 | Lair:1   | Killed a spiny frog
  8676 | Lair:2   | Found a dark tunnel.
  8737 | Volcano  | Entered a volcano
  8750 | Volcano  | Noticed a salamander
  8752 | Volcano  | Noticed a red draconian
  8759 | Volcano  | Killed a salamander
  8759 | Volcano  | Reached skill level 16 in Axes
  8770 | Volcano  | Killed a red draconian
  8770 | Volcano  | Reached XP level 11. HP: 95/95 MP: 10/10
  8845 | Volcano  | Noticed a salamander mystic
  8855 | Volcano  | Killed a salamander mystic
  9636 | Lair:2   | Reached skill level 17 in Axes
  9729 | Lair:2   | Noticed a four-headed hydra
  9742 | Lair:2   | Killed a one-headed hydra
 10228 | Lair:3   | Found a hole to the Spider Nest.
 10228 | Lair:3   | Noticed a catoblepas
 10231 | Lair:3   | Killed a catoblepas
 10637 | Lair:3   | Received a gift from Trog
 10672 | Lair:3   | Noticed a seven-headed hydra
 10691 | Lair:3   | Reached skill level 10 in Fighting
 10697 | Lair:3   | Killed a four-headed hydra
 10928 | Lair:3   | Noticed a five-headed hydra
 10939 | Lair:3   | Killed a two-headed hydra
 10939 | Lair:3   | Reached XP level 12. HP: 70/106 MP: 11/11
 11266 | Lair:3   | Reached skill level 10 in Armour
 11656 | Lair:4   | Noticed a four-headed hydra
 11665 | Lair:4   | Killed a two-headed hydra
 11665 | Lair:4   | Reached skill level 18 in Axes
 12273 | Lair:4   | Noticed Urug
 12287 | Lair:4   | HP: 3/108 [Urug/javelin of returning (20)]
 12287 | Lair:4   | Hit by a javelin of returning thrown by Urug

Vault maps used:
D:1:      dpeg_arrival_caged_fury
D:2:      grunt_temple_overflow_open
D:3:      grunt_gozag_statues, uniq_terence
D:5:      first_bread
D:6:      cheibriados_altar_1, basic_altar
D:7:      gammafunk_temple_overflow_wave, minmay_temple_entry_butterflies
D:8:      wad_cavern_with_rooms, lair_entry_dummy, serial_ice, serial_ice_l,
          serial_ice_m, serial_ice_n, serial_ice_a, trog_three_pillars_becter
Lair:2:   nicolae_volcano_entry_batcave, pond
Lair:3:   dummy_spider_entry, st_stairs_13
Lair:4:   hangedman_what_comes_after_a, elwin_shoals_entry_rooms, minivault_27,
          uniq_urug
Volcano:  volcano_pools

Skill      XL: |  1  2  3  4  5  6  7  8  9 10 11 12 |
---------------+-------------------------------------+-----
Axes           | 4 5 6 7 8 9 12 14 16 17 18 | 18.4
Fighting       | 4 5 6 7 8 10 | 10.9
Dodging        | 3 |  3.7
Armour         | 3 5 6 8 9 10 | 10.9

Action                   |  1- 3 |  4- 6 |  7- 9 | 10-12 || total
-------------------------+-------+-------+-------+-------++-------
Melee: Hand axe          |    63 |   101 |    94 |       ||   258
       Headbutt          |     6 |    22 |    51 |    73 ||   152
       War axe           |       |       |   158 |   114 ||   272
       Broad axe         |       |       |       |   230 ||   230
Throw: Stone             |     3 |     2 |       |       ||     5
Invok: Berserk           |     2 |     7 |     7 |    12 ||    28
       Trog's Hand       |       |       |       |     6 ||     6
       Burn Spellbooks   |       |       |       |     1 ||     1
       Brothers in Arms  |       |       |       |     1 ||     1
Evoke: Wand              |       |     2 |       |       ||     2
  Use: Scroll            |       |       |     6 |    13 ||    19
       Potion            |       |       |     1 |     2 ||     3
  Eat: Chunk             |     2 |    12 |    22 |    20 ||    56
       Fruit             |       |       |     1 |       ||     1
       Meat ration       |       |       |     1 |     1 ||     2
Armor: Animal skin       |    11 |    14 |       |       ||    25
       Chain mail        |       |    18 |    35 |       ||    53
       Plate armour      |       |       |    97 |   190 ||   287
Dodge: Dodged            |    40 |    48 |    70 |   117 ||   275
